 Dungeon Sprint DCSS version 0.21-a0-414-gba8bdf1 (webtiles) character file.

17717 Kidiri the Grappler (level 12, -5/108 HPs)
             Began as a Black Draconian Transmuter on Nov 2, 2017.
             Was an Elder of Wu Jian.
             Slain by a tentacle (26 damage)
             ... attached to a kraken
             ... in the Dungeon (Sprint III: "The Ten Rune Challenge").
             The game lasted 00:16:11 (2342 turns).

Kidiri the Grappler (Black Draconian Transmuter)    Turns: 2342, Time: 00:16:13

Health: -5/108     AC:  8    Str: 15    XL:     12   Next: 21%
Magic:  26/28      EV: 20    Int: 16    God:    Wu Jian [****..]
Gold:   39         SH:  0    Dex: 14    Spells: 14/35 levels left

rFire    . . .     SeeInvis .     - Unarmed
rCold    . . .     Gourm    .   (shield currently unavailable)
rNeg     . . .     Faith    .   (armour unavailable)
rPois    .         Spirit   .   (helmet restricted)
rElec    +         Reflect  .   (no cloak)
rCorr    .         Harm     .   (gloves currently unavailable)
MR       .....     NoTele   +   (no boots)
Stlth    ++++......             (no amulet)
HPRegen  0.68/turn              (no ring)
MPRegen  0.21/turn              (no ring)

@: exhausted, short of breath, blade hands (expiring)
A: breathe lightning, unfitting armour, clever 1, regeneration 1, electricity
resistance, cold-blooded, AC +8
a: Breathe Lightning, End Transformation, Serpent's Lash, Renounce Religion


You were in the Dungeon.
You worshipped Wu Jian.
Wu Jian was greatly pleased with you.
You were not hungry.
You had blades for hands.
You visited 1 branch You collected 39 gold pieces.

Inventory:

Missiles
 a - 64 arrows
 c - 5 javelins (quivered)
Scrolls
 i - a scroll of blinking
 l - a scroll of torment
 n - a scroll of amnesia {unknown}
 q - a scroll of holy word {unknown}
 r - 2 scrolls of remove curse
Potions
 f - a potion of haste
 g - 2 potions of magic
 h - a potion of berserk rage
 j - 3 potions of mutation
 p - a potion of flight
Books
 b - a book of Changes

   Spells                             Type                      Level
   a - Beastly Appendage              Transmutation                1
   b - Sticks to Snakes               Transmutation                2
   c - Spider Form                    Transmutation/Poison         3
   d - Ice Form                       Ice/Transmutation            4
   e - Blade Hands                    Transmutation                5
 t - a book of Minor Magic

   Spells                             Type                      Level
   a - Magic Dart                     Conjuration                  1
   b - Blink                          Translocation                2
   c - Call Imp                       Summoning                    2
   d - Slow                           Hexes                        2
   e - Conjure Flame                  Conjuration/Fire             3
   f - Mephitic Cloud                 Conjuration/Poison/Air       3
 u - a book of Cantrips

   Spells                             Type                      Level
   a - Confusing Touch                Hexes                        1
   b - Animate Skeleton               Necromancy                   1
   c - Summon Small Mammal            Summoning                    1
   d - Apportation                    Translocation                1
Comestibles
 d - 3 chunks of flesh
 k - 23 royal jellies
 s - a meat ration


   Skills:
 + Level 10.7 Fighting
 * Level 12.5 Dodging
 + Level 9.6 Stealth
 * Level 13.6 Unarmed Combat
 * Level 12.4 Spellcasting
 + Level 7.8 Conjurations
 + Level 10.0 Transmutations
 + Level 7.8 Ice Magic
 + Level 9.4 Poison Magic


You had 14 spell levels left.
You knew the following spells:

 Your Spells              Type           Power        Failure   Level  Hunger
a - Beastly Appendage     Tmut           #####.       7%          1    None
b - Sticks to Snakes      Tmut           #####...     9%          2    None
c - Spider Form           Tmut/Pois      #####.....   11%         3    None
d - Ice Form              Ice/Tmut       #####...     21%         4    ##.....
e - Blade Hands           Tmut           #####.....   26%         5    #####..
f - Mephitic Cloud        Conj/Pois/Air  ####....     21%         3    None
g - Conjure Flame         Conj/Fire      ###.....     30%         3    None


Dungeon Overview and Level Annotations

Branches:
Dungeon (1/1)

Altars:
Cheibriados
Dithmenos
Elyvilon
Fedhas
Gozag
Hepliaklqana
Kikubaaqudgha
Makhleb
Nemelex Xobeh
Okawaru
Qazlal
Ru
Sif Muna
Trog
Uskayaw
Vehumet
Wu Jian
Xom
Yredelemnul
Zin
The Shining One
Beogh
Jiyva
Lugonu

Annotations:
D exclusion: 6 doors


Innate Abilities, Weirdness & Mutations

You can breathe wild blasts of lightning.
Your glossy black scales are hard. (AC +8)
You cannot fit into any form of body armour.
You are resistant to electric shocks. (rElec)
You are cold-blooded and may be slowed by cold attacks.
Your mind is acute. (Int +2)
Your natural rate of healing is unusually fast.


Message History

The orb of electricity explodes!
The orb of electricity engulfs you! You resist.
* * * LOW HITPOINT WARNING * * *
The orb of electricity engulfs the tentacle.
The tentacle is severely wounded.
The orb of electricity engulfs the tentacle.
The tentacle is almost dead.
The orb of electricity engulfs the kraken.
The kraken is heavily wounded.
The orb of electricity engulfs the plant.
You destroy the plant!
The orb of electricity engulfs the tentacle.
The tentacle is heavily wounded.
You feel somewhat more hungry.
Your transformation is almost over.
You hear an angry hiss.
The tentacle slaps you!
* * * LOW HITPOINT WARNING * * *
The tentacle slaps you!!
You die...

▓##+####'#######♣
♣♣♣♣.##..##
▓........)....§§♣♣
♣...##.##.#
▓#+#############'♣
♣♣.##.##.##+
▓...#≈...........♣
♣..#.##...#
▓...+≈≈...########♣♣
♣♣.##.##.)#
▓.JJ#≈≈≈...........♣
♣♣.##%#####
▓..J#≈≈≈≈..........♣ ♣.....#
#+#############÷############
▓w@....... ▓wX.w.....
▓≈≈≈...... ▓≈w≈≈≈..≈≈
▓≈≈≈≈≈≈≈≈≈ ▓≈≈≈≈≈≈≈≈≈
▓≈≈≈≈≈≈≈≈≈ ▓≈≈≈≈≈≈≈≈≈


You could see a kraken and 4 tentacles.

Vanquished Creatures
  Rupert (D)
  A centaur warrior (D)
  3 alligator snapping turtles (D)
  Erica (D)
  4 death yaks (D)
  Urug (D)
  An unseen horror (D)
  A lindwurm (D)
  A deep elf mage (D)
  2 black mambas (D)
  2 spiny frogs (D)
  A rime drake (D)
  A komodo dragon (D)
  3 wandering mushrooms (D)
  A queen bee (D)
  2 tyrant leeches (D)
  8 blink frogs (D)
  2 snapping turtles (D)
  A shadow (D)
  3 redbacks (D)
  A spatial vortex (D)
  A swamp drake (D)
  A necrophage (D)
  2 centaurs (D)
  An earth elemental (D)
  A water elemental (D)
  A scorpion (D)
  32 killer bees (D)
  A jelly (D)
  A wizard (D)
  Jessica (D)
  A necromancer (D)
  A kobold demonologist (D)
  3 humans (D)
  2 oozes (D)
  A rat (D)
  4 plants (D)
  A tentacle (D)
96 creatures vanquished.

Vanquished Creatures (others)
  2 draconian scorchers (D)
  6 hellions (D)
  2 yaktaurs (D)
  An electric eel (D)
  9 plants (D)
  13 tentacles (D)
33 creatures vanquished.

Grand Total: 129 creatures vanquished

Notes
Turn   | Place    | Note
-------+----------+-------------------------------------------
     0 | D        | Kidiri the Draconian Transmuter began the quest for the Orb.
     0 | D        | Reached XP level 1. HP: 16/16 MP: 3/3
    29 | D        | Reached skill level 1 in Stealth
    29 | D        | Reached XP level 2. HP: 21/24 MP: 2/5
    33 | D        | Learned a level 2 spell: Sticks to Snakes
    67 | D        | Noticed Jessica
    83 | D        | Killed Jessica
    83 | D        | Reached skill level 4 in Unarmed Combat
    83 | D        | Reached XP level 3. HP: 17/30 MP: 5/7
   138 | D        | Killed a hellion
   154 | D        | Killed a hellion
   178 | D        | Killed a hellion
   179 | D        | Killed a hellion
   181 | D        | Killed a white draconian scorcher
   186 | D        | Killed a hellion
   187 | D        | Killed a hellion
   207 | D        | Killed a white draconian scorcher
   214 | D        | Learned a level 3 spell: Spider Form
   274 | D        | Killed a yaktaur
   322 | D        | Noticed a scorpion
   326 | D        | Killed a scorpion
   326 | D        | Reached skill level 1 in Poison Magic
   326 | D        | Reached XP level 4. HP: 38/38 MP: 4/9
   331 | D        | Reached skill level 5 in Unarmed Combat
   348 | D        | Gained mutation: Your natural rate of healing is unusually fast. [potion of mutation]
   348 | D        | Gained mutation: Your mind is acute. (Int +2) [potion of mutation]
   378 | D        | Learned a level 4 spell: Ice Form
   380 | D        | Noticed a water elemental
   383 | D        | Killed a water elemental
   383 | D        | Reached XP level 5. HP: 41/46 MP: 7/12
   418 | D        | Found an ornate altar of the Wu Jian Council.
   418 | D        | Found a roughly hewn altar of Beogh.
   418 | D        | Found an iron altar of Okawaru.
   418 | D        | Found a bloodstained altar of Trog.
   418 | D        | Found a hide-covered altar of Uskayaw.
   418 | D        | Noticed a human
   418 | D        | Noticed a human
   421 | D        | Became a worshipper of the Wu Jian Council
   435 | D        | Killed a human
   435 | D        | Reached skill level 5 in Dodging
   435 | D        | Reached skill level 6 in Unarmed Combat
   435 | D        | Reached skill level 5 in Spellcasting
   435 | D        | Reached XP level 6. HP: 43/53 MP: 11/14
   443 | D        | Killed a human
   443 | D        | Reached skill level 5 in Fighting
   443 | D        | Reached skill level 7 in Unarmed Combat
   454 | D        | Learned a level 5 spell: Blade Hands
   496 | D        | Killed a yaktaur
   583 | D        | Found a radiant altar of Vehumet.
   584 | D        | Found a deep blue altar of Sif Muna.
   584 | D        | Found an ancient bone altar of Kikubaaqudgha.
   588 | D        | Reached * piety under Wu Jian
   588 | D        | Reached skill level 5 in Transmutations
   636 | D        | Found a glowing silver altar of Zin.
   663 | D        | Found a glowing golden altar of the Shining One.
   663 | D        | Found a white marble altar of Elyvilon.
   663 | D        | Noticed a deep elf mage
   679 | D        | Killed a deep elf mage
   679 | D        | Reached skill level 5 in Stealth
   679 | D        | Reached skill level 8 in Unarmed Combat
   679 | D        | Your scales start taking on a glossy black colour.
   679 | D        | Reached XP level 7. HP: 51/63 MP: 14/17
   679 | D        | Gained mutation: You are resistant to electric shocks. (rElec) [Black Draconian growth]
   694 | D        | Found a basalt altar of Yredelemnul.
   694 | D        | Found a shadowy altar of Dithmenos.
   694 | D        | Found a sacrificial altar of Ru.
   698 | D        | Noticed a shadow
   698 | D        | Reached ** piety under Wu Jian
   699 | D        | Reached XP level 8. HP: 60/70 MP: 12/19
   702 | D        | Reached skill level 5 in Poison Magic
   717 | D        | Learned a level 3 spell: Mephitic Cloud
   721 | D        | Learned a level 3 spell: Conjure Flame
   763 | D        | Found a blossoming altar of Fedhas.
   763 | D        | Found a stormy altar of Qazlal.
   763 | D        | Found a snail-covered altar of Cheibriados.
   763 | D        | Found a burning altar of Makhleb.
   763 | D        | Found a shimmering altar of Xom.
   764 | D        | Found a hazy altar of Hepliaklqana.
   764 | D        | Found an opulent altar of Gozag.
   764 | D        | Found a sparkling altar of Nemelex Xobeh.
   764 | D        | Found a corrupted altar of Lugonu.
   764 | D        | Found a viscous altar of Jiyva.
   769 | D        | Reached *** piety under Wu Jian
   769 | D        | Reached skill level 9 in Unarmed Combat
   799 | D        | Noticed Erica
   802 | D        | Killed Erica
   818 | D        | Reached XP level 9. HP: 74/79 MP: 12/21
   868 | D        | Noticed a centaur warrior
   872 | D        | Reached **** piety under Wu Jian
   888 | D        | Killed a centaur warrior
   888 | D        | Reached skill level 10 in Unarmed Combat
   945 | D        | Killed an unseen horror
   990 | D        | Noticed a queen bee
   990 | D        | Reached ***** piety under Wu Jian
   992 | D        | Reached ****** piety under Wu Jian
   999 | D        | Reached XP level 10. HP: 36/88 MP: 19/23
  1015 | D        | Reached skill level 11 in Unarmed Combat
  1015 | D        | Reached skill level 10 in Dodging
  1030 | D        | Reached skill level 10 in Spellcasting
  1245 | D        | Noticed a spiny frog
  1245 | D        | Noticed a spiny frog
  1253 | D        | Killed a spiny frog
  1253 | D        | Reached skill level 5 in Conjurations
  1255 | D        | Killed a spiny frog
  1255 | D        | Reached skill level 5 in Ice Magic
  1391 | D        | Noticed a lindwurm
  1397 | D        | Killed a lindwurm
  1505 | D        | Noticed Urug
  1510 | D        | Killed Urug
  1510 | D        | Reached skill level 12 in Unarmed Combat
  1510 | D        | Reached XP level 11. HP: 51/97 MP: 20/25
  1827 | D        | Noticed Rupert
  1833 | D        | Killed Rupert
  1844 | D        | Noticed an azure jelly
  1844 | D        | Noticed an azure jelly
  1844 | D        | Noticed an azure jelly
  1844 | D        | Noticed an azure jelly
  1857 | D        | Noticed a death yak
  1858 | D        | Noticed a death yak
  1859 | D        | Noticed a death yak
  1875 | D        | Killed a death yak
  1875 | D        | Reached skill level 10 in Fighting
  1886 | D        | Noticed a death yak
  1889 | D        | Killed a death yak
  1889 | D        | Reached skill level 13 in Unarmed Combat
  1893 | D        | Killed a death yak
  1893 | D        | Killed a death yak
  1955 | D        | Reached XP level 12. HP: 72/107 MP: 24/28
  2010 | D        | Noticed a kraken
  2018 | D        | Noticed an alligator snapping turtle
  2025 | D        | Noticed an alligator snapping turtle
  2028 | D        | Killed an alligator snapping turtle
  2030 | D        | Noticed an alligator snapping turtle
  2192 | D        | Noticed an alligator snapping turtle
  2199 | D        | Killed an alligator snapping turtle
  2333 | D        | Killed an alligator snapping turtle
  2333 | D        | Reached skill level 10 in Transmutations
  2342 | D        | Slain by a tentacle

Vault maps used:
D:        dungeon_sprint_mu

Skill      XL: |  1  2  3  4  5  6  7  8  9 10 11 12 |
---------------+-------------------------------------+-----
Dodging        | 2 3 4 5 7 8 9 11 12 | 12.5
Stealth        | 1 2 3 5 6 7 8 9 |  9.6
Fighting       | 2 3 4 6 7 8 9 10 | 10.7
Unarmed Combat | 4 5 6 8 9 10 12 13 | 13.6
Spellcasting   | 3 4 5 7 8 9 10 12 | 12.4
Transmutations | 3 4 5 6 7 8 9 10 | 10.0
Poison Magic   | 1 2 3 4 5 6 8 9 |  9.4
Conjurations   | 2 4 5 7 |  7.8
Ice Magic      | 2 4 5 7 |  7.8

Action                   |  1- 3 |  4- 6 |  7- 9 | 10-12 || total
-------------------------+-------+-------+-------+-------++-------
Melee: Unarmed           |    21 |    43 |    43 |   172 ||   279
       Tailslap          |     4 |       |     6 |    21 ||    31
       Kick              |     1 |       |       |       ||     1
       Headbutt          |     1 |       |       |       ||     1
       Punch             |       |     1 |     1 |     5 ||     7
Throw: Javelin           |       |       |       |     2 ||     2
 Cast: Beastly Appendage |     3 |     1 |       |       ||     4
       Spider Form       |     2 |     2 |       |       ||     4
       Ice Form          |       |     2 |       |     1 ||     3
       Blade Hands       |       |       |     6 |    18 ||    24
       Mephitic Cloud    |       |       |     1 |     1 ||     2
       Conjure Flame     |       |       |     1 |       ||     1
Invok: Serpent's Lash    |       |       |     1 |     9 ||    10
       Heavenly Storm    |       |       |     1 |     6 ||     7
 Abil: Breathe Lightning |       |       |     4 |     4 ||     8
  Use: Scroll            |       |     3 |       |       ||     3
       Potion            |       |     2 |       |     3 ||     5
 Stab: Sleeping          |     2 |     1 |     7 |     2 ||    12
       Confused          |       |       |     3 |       ||     3
  Eat: Chunk             |       |     1 |     3 |     5 ||     9
       Bread ration      |       |       |       |     1 ||     1
       Fruit             |       |       |       |     1 ||     1
Armor: Skin              |       |     5 |     8 |    10 ||    23
Dodge: Dodged            |    11 |    35 |    34 |   104 ||   184

Table legend:
 A = Spawn XP
 B = Non-spawn XP
 C = Spawn XP percentage of total XP
 D = Spawn monster count
 E = Non-spawn monster count
 F = Spawn count percentage of total count
 G = Total turns spent on level
                    A         B        C        D         E        F      G
               +---------+---------+-------+---------+---------+-------+---------
         Total |       0 |   25310 |   0.0 |       0 |      91 |   0.0 |  2342
               +---------+---------+-------+---------+---------+-------+---------
             D |       0 |   25310 |   0.0 |       0 |      91 |   0.0 |  2342
               +---------+---------+-------+---------+---------+-------+---------
